 Dungeon Sprint DCSS version 0.21.1-1-g345015fe64 (webtiles) character file.

64 Greboboi the Covered (level 4, -2/42 HPs)
             Began as a Hill Orc Fighter on June 24, 2018.
             Was an Initiate of Cheibriados.
             Slain by a two-headed ogre
             ... wielding a +0 giant club
              (14 damage)
             ... in the Dungeon (Sprint IX: "|||||||||||||||||||||||||||||").
             The game lasted 00:01:56 (503 turns).

Greboboi the Covered (Hill Orc Fighter)              Turns: 503, Time: 00:01:57

Health: -2/42      AC: 11    Str: 24    XL:     4   Next: 12%
Magic:  4/4        EV:  9    Int: 16    God:    Cheibriados [......]
Gold:   0          SH: 10    Dex: 14    Spells: 3/3 levels left

rFire    . . .     SeeInvis .   p - +2 scimitar "Voeqah" {flame, Str+4 Int+7}
rCold    . . .     Gourm    .   c - +0 shield
rNeg     . . .     Faith    .   r - +1 scale mail
rPois    .         Spirit   .   (no helmet)
rElec    .         Reflect  .   q - +0 cloak
rCorr    .         Harm     .   (no gloves)
MR       .....     NoTele   +   (no boots)
Stlth    ..........             (no amulet)
HPRegen  0.14/turn              t - +3 ring of dexterity
MPRegen  0.09/turn              s - +2 ring of protection

@: slow
A: no striking features
a: Bend Time, Renounce Religion


You were in the Dungeon.
You worshipped Cheibriados.
Cheibriados was noncommittal.
You were not hungry.

You visited 1 branch

Inventory:

Hand Weapons
 a - a +0 long sword
 p - the +2 scimitar "Voeqah" (weapon) {flame, Str+4 Int+7}
   (You found it in the Dungeon)

   It has been specially enchanted to burn those struck by it, causing extra
   injury to most foes and up to half again as much damage against particularly
   susceptible opponents.
   Big, fiery blades are also staple armaments of hydra-hunters.
   It affects your strength (+4).
   It affects your intelligence (+7).
Armour
 b - a +0 scale mail
 c - a +0 shield (worn)
 q - a +0 cloak (worn)
 r - a +1 scale mail (worn)
Jewellery
 s - a +2 ring of protection (right hand)
 t - a +3 ring of dexterity (left hand)
Wands
 o - a wand of acid (10)
Scrolls
 k - 2 scrolls of blinking
 m - 3 scrolls of remove curse
 n - 2 scrolls of amnesia
Potions
 d - a potion of might
 e - 5 potions of curing
 g - 3 potions of heal wounds
 h - a potion of haste
 i - 4 potions of magic
 j - a potion of berserk rage
 l - a potion of invisibility
Comestibles
 f - a ration


   Skills:
 + Level 5.1 Fighting
 * Level 4.1 Long Blades
 * Level 5.2 Armour
 * Level 2.2 Dodging
 * Level 5.2 Shields


You had 3 spell levels left.
You didn't know any spells.

Dungeon Overview and Level Annotations

Branches:
Dungeon (1/1)

Altars:
Cheibriados
Dithmenos
Elyvilon
Fedhas
Gozag
Hepliaklqana
Kikubaaqudgha
Makhleb
Nemelex Xobeh
Okawaru
Qazlal
Ru
Sif Muna
Trog
Uskayaw
Vehumet
Wu Jian
Xom
Yredelemnul
Zin
The Shining One
Beogh
Jiyva
Lugonu


Message History

The two-headed ogre barely misses you.
The two-headed ogre hits you but does no damage.
You slash the two-headed ogre! You burn the two-headed ogre.
The two-headed ogre is heavily wounded.
The two-headed ogre hits you with a giant club!!
* * * LOW HITPOINT WARNING * * *
You block the two-headed ogre's attack.
The sky beast flickers out of sight!
You slash the two-headed ogre! You burn the two-headed ogre.
The two-headed ogre is severely wounded.
The two-headed ogre barely misses you. x2
You hit the two-headed ogre. You burn the two-headed ogre.
The two-headed ogre is almost dead.
The two-headed ogre hits you but does no damage.
You block the two-headed ogre's attack.
A sky beast appears from thin air!
Reactivating autopickup.
You slash the two-headed ogre! You burn the two-headed ogre.
The two-headed ogre is almost dead.
You block the two-headed ogre's attack.
The two-headed ogre hits you with a giant club!
You die...

▓.▓
▓.▓
▓y▓
▓o▓
▓Y▓
▓Z▓
▓O▓
▓@▓
▓.▓
▓.▓
▓.▓
▓[▓
▓)▓
▓|▓
▓.▓
▓.▓


You could see a two-headed ogre, a hornet, an orc warrior, a sky beast and a
leopard gecko skeleton.

Vanquished Creatures
  A jelly (D)
  A worker ant (D)
  A leopard gecko (D)
  2 orcs (D)
  A giant cockroach (D)
  A goblin (D)
  A hobgoblin (D)
  A kobold (D)
  A bat (D)
10 creatures vanquished.

Notes
Turn   | Place    | Note
-------+----------+-------------------------------------------
     0 | D        | Greboboi the Hill Orc Fighter began the quest for the Orb.
     0 | D        | Reached XP level 1. HP: 19/19 MP: 1/1
    28 | D        | Reached XP level 2. HP: 19/28 MP: 2/2
   132 | D        | Reached skill level 1 in Dodging
   132 | D        | Reached XP level 3. HP: 21/35 MP: 3/3
   138 | D        | Reached skill level 5 in Fighting
   138 | D        | Reached skill level 5 in Armour
   138 | D        | Reached skill level 5 in Shields
   138 | D        | Reached XP level 4. HP: 11/42 MP: 4/4
   410 | D        | Found a roughly hewn altar of Beogh.
   410 | D        | Found a snail-covered altar of Cheibriados.
   410 | D        | Found a shadowy altar of Dithmenos.
   410 | D        | Found a white marble altar of Elyvilon.
   410 | D        | Found a blossoming altar of Fedhas.
   410 | D        | Found an opulent altar of Gozag.
   411 | D        | Found a hazy altar of Hepliaklqana.
   412 | D        | Found a viscous altar of Jiyva.
   413 | D        | Found an ancient bone altar of Kikubaaqudgha.
   414 | D        | Found a corrupted altar of Lugonu.
   415 | D        | Found a burning altar of Makhleb.
   416 | D        | Found a sparkling altar of Nemelex Xobeh.
   417 | D        | Found an iron altar of Okawaru.
   418 | D        | Found a stormy altar of Qazlal.
   419 | D        | Found a sacrificial altar of Ru.
   420 | D        | Found a deep blue altar of Sif Muna.
   421 | D        | Found a bloodstained altar of Trog.
   422 | D        | Found a hide-covered altar of Uskayaw.
   434 | D        | Became a worshipper of Cheibriados the Contemplative
   444 | D        | Found a radiant altar of Vehumet.
   445 | D        | Found an ornate altar of the Wu Jian Council.
   446 | D        | Found a shimmering altar of Xom.
   447 | D        | Found a basalt altar of Yredelemnul.
   448 | D        | Found a glowing silver altar of Zin.
   449 | D        | Found a glowing golden altar of the Shining One.
   466 | D        | Got the +2 scimitar "Voeqah" {flame, Str+4 Int+7}
   496 | D        | Noticed a hornet
   496 | D        | Noticed an orc warrior
   496 | D        | Noticed a sky beast
   496 | D        | Noticed a two-headed ogre
   503 | D        | Slain by a two-headed ogre

Skill      XL: |  1  2  3 |
---------------+----------+-----
Fighting       | 4 5 |  5.1
Armour         | 4 5 |  5.2
Shields        | 4 5 |  5.2
Long Blades    | 3 4 |  4.1
Dodging        | 1 2 |  2.2

Action                   |  1- 3 |  4- 6 || total
-------------------------+-------+-------++-------
Melee: Long sword        |    39 |     6 ||    45
       Scimitar          |       |     7 ||     7
Armor: Scale mail        |    18 |     5 ||    23
Dodge: Dodged            |    11 |     6 ||    17
Block: Shield            |    22 |     9 ||    31
       Rpst.: Long sword |     5 |     1 ||     6
